 Dungeon Crawl Stone Soup version 0.31.0-12-g77e489cdc1 (webtiles) character file.

Game seed: 12708677293602079641

14 lordive the Grasshopper (level 2, -1/14 HPs)
             Began as a Spriggan Warper on Feb 29, 2024.
             Slain by Jessica
             ... wielding a +0 dagger
              (4 damage)
             ... on level 2 of the Dungeon.
             The game lasted 00:01:08 (394 turns).

lordive the Grasshopper (Spriggan Warper)            Turns: 394, Time: 00:01:09

Health: -1/14      AC:  2    Str:  7    XL:     2   Next: 31%
Magic:  7/7        EV: 17    Int: 14    God:
Gold:   0          SH:  0    Dex: 14    Spells: 7/7 levels left

rFire   . . .        a - +0 short sword
rCold   . . .        (no shield)
rNeg    . . .        b - +0 robe
rPois   .            (helmet restricted)
rElec   .            (no cloak)
rCorr   .            (gloves unavailable)
SInv    +            (boots unavailable)
Will    .....        (no amulet)
Stlth   +            (no ring)
HPRegen 0.22/turn    (no ring)
MPRegen 0.10/turn

%: no passive effects
@: very quick
A: very small, no large weapons, unfitting armour, see invisible, speed 3
a: no special abilities


You were on level 2 of the Dungeon.
You visited 1 branch of the dungeon, and saw 2 of its levels.

Inventory:

Hand Weapons
 a - a +0 short sword (weapon)
Missiles
 d - 7 darts of dispersal (quivered)
Armour
 b - a +0 robe (worn)
Talismans
 f - a blade talisman
Scrolls
 c - a scroll of blinking
 e - a scroll of fear {unknown}


   Skills:
 + Level 1.5 Fighting
 + Level 2.5 Short Blades
 + Level 1.0 Throwing
 + Level 3.3 Dodging
 + Level 3.0 Spellcasting
 + Level 4.9 Translocations


You had 7 spell levels left.
You didn't know any spells.
Your spell library contained the following spells:

 Spells                   Type           Power      Damage    Failure   Level
 Blink                    Tloc           30%        N/A       4%          2
 Lesser Beckoning         Tloc           30%        N/A       4%          2
 Teleport Other           Tloc           15%        N/A       9%          3
 Manifold Assault         Tloc           15%        N/A       28%         4
 Vhi's Electric Charge    Tloc/Air       18%        N/A       61%         4


Dungeon Overview and Level Annotations

Branches:
Dungeon (2/15)

Altars:

Shops:
D:2 !

Annotations:
D:2 Jessica


Innate Abilities, Weirdness & Mutations

You are very small and have problems with some larger weapons.
You are too small for most types of armour.
You have supernaturally acute eyesight. (SInv)
You cover ground extremely quickly. (Speed+++)


Message History

The quokka is almost dead.
The quokka bites you.
You hit the quokka.
You kill the quokka!
Your Spellcasting skill increases to level 3!
No target in view!
No target in view!
You see here a blade talisman.
f - a blade talisman Jessica is nearby!
Jessica is nearby!
Jessica is nearby!
You barely miss Jessica. You hit Jessica but do no damage.
Jessica hits you with a +0 dagger.
You hit Jessica but do no damage. Jessica completely misses you.
You barely miss Jessica.
Jessica points at you and mumbles some strange words.
Pain shoots through your body!
You are too injured to fight recklessly!
You are too injured to fight recklessly!
You are too injured to fight recklessly!
You are too injured to fight recklessly!
You are too injured to fight recklessly!
You are too injured to fight recklessly!
You are too injured to fight recklessly!
You are too injured to fight recklessly!
You barely miss Jessica. Jessica completely misses you.
You closely miss Jessica.
Jessica casts a spell.
Jessica seems to speed up.
You hit Jessica but do no damage. Jessica hits you with a +0 dagger.
You hit Jessica.
Jessica is moderately wounded.
Jessica casts a spell at you. Pain shoots through your body!
* * * LOW HITPOINT WARNING * * *
You completely miss Jessica.
Jessica is moderately wounded.
Jessica hits you with a +0 dagger.
You die...

##########
.....#........∩
###...#####....#.........
#..............#@........
#..............#@........
#$.............#..†......
.................<.......
..............^..........
..........@..............
...............#.........
##########...........####
......†..............#


You could see Jessica (fast).

Vanquished Creatures
  2 endoplasms (D:2)
  4 jackals (D:2)
  2 quokkas (D:2)
  A ball python (D:1)
  A frilled lizard (D:2)
  2 kobolds (D:2)
12 creatures vanquished.

Notes
Turn   | Place    | Note
-------+----------+-------------------------------------------
     0 | D:1      | lordive the Spriggan Warper began the quest for the Orb.
     0 | D:1      | Reached XP level 1. HP: 10/10 MP: 5/5
    49 | D:1      | You fall into a shaft and drop 1 floor!
   219 | D:2      | Reached XP level 2. HP: 11/14 MP: 6/6
   306 | D:2      | Noticed Jessica
   333 | D:2      | Found Ocagulum's Distillery.
   394 | D:2      | Slain by Jessica

Illustrated notes

Levels and vault maps discovered:
D:1:      lemuel_arrival_broad_hall, layout_loops_ring,
          hellmonk_ecumenical_altar_pennies_from_heaven,
          minmay_misc_feat_pillars, minmay_misc_feat_ornament
D:2:      layout_basic, serial_shops, shop, uniq_natasha, uniq_jessica,
          uniq_terence

Skill      XL: |  1  2 |
---------------+-------+-----
Spellcasting   | 3 |  3.0
Fighting       | |  1.5
Short Blades   | |  2.5
Throwing       | |  1.0
Dodging        | |  3.3
Translocations | |  4.9

Action                     || total
---------------------------++-------
  Melee: Short sword       ||    61
 Armour: Robe              ||    21
  Dodge: Dodged            ||    35
